[Event "*** Titled Tuesday Blitz"]
[Site "Chess.com"]
[Date "2019.08.06"]
[Round "4"]
[White "capatl"]
[Black "daro94"]
[Result "1-0"]
[WhiteElo "2545"]
[BlackElo "2687"]
[TimeControl "180+2"]
[EndTime "13:51:20 PDT"]
[Termination "capatl won by checkmate"]

1. Nf3 d5 2. d4 Nf6 3. Bf4 e6 4. e3 Bd6 5. Bxd6 Qxd6 6. c3 O-O 7. Nbd2 Nbd7 8. Qc2 e5 9. dxe5 Nxe5 10. Be2 Re8 11.
O-O Bg4 12. Rfe1 Rad8 13. Nxe5 Qxe5 14. Bxg4 Nxg4 15. Nf3 Qe4 16. Qb3 b6 17. Rad1 c5 18. Rd2 Nf6 19. Red1 Rd7 20. Qb5 Qe7 21. h3 Red8 22.
Qa4 h6 23. Rd3 Rd6 24. Qf4 Ne4 25. Qe5 Re6 26. Qh5 g5 27. Qg4 Red6 28. h4 Qe6 29.
Qxe6 fxe6 30. hxg5 hxg5 31. Ne5 Kg7 32. f3 Nf6 33. c4 Nd7 34. Nxd7 R6xd7 35. cxd5 exd5 36. b3 Kf6 37. Kf2 Ke5 38. Rh1 d4 39. Rh6 Rd6 40.
exd4+ cxd4 41. Rh5 Kf5 42. Rd1 d3 43. g4+ Kf4 44.
Re1 Rd4 45. Rh7 Rf8 46. Rhe7 d2 47. R7e4+ Rxe4 48. Rxe4# 1-0

[Event "*** Titled Tuesday Blitz"]
[Site "Chess.com"]
[Date "2019.08.06"]
[Round "4"]
[White "valeriocarnicelli"]
[Black "fancyknightmaneuvers"]
[Result "1-0"]
[WhiteElo "2425"]
[BlackElo "2549"]
[TimeControl "180+2"]
[EndTime "13:51:20 PDT"]
[Termination "valeriocarnicelli won by resignation"]

1. e4 c5 2. Nf3 e6 3. d4 cxd4 4. Nxd4 Nc6 5. Nb5 d6 6. Bf4 e5 7. Be3 Nf6 8. N1c3 a6 9. Na3 b5 10. Nd5 Nxd5 11. exd5 Ne7 12. c4 b4 13. Nc2 Nf5 14. Bd2 a5 15. Bd3 Be7 16. O-O O-O 17. f4 g6 18. fxe5 dxe5 19. Kh1 Bc5 20. Bxf5 Bxf5 21.
Bh6 Re8 22. Ne3 Be4 23. Qg4 Bxe3 24. Bxe3 f5 25. Qe2 Rc8 26. Rac1 Qh4 27. Rfd1 Red8 28. d6 Rd7 29. Bb6 Qf6 30. c5 Qf7 31. Bxa5 Qxa2 32.
Bxb4 Qb3 33. Ba3 Qb7 34. b4 f4 35. Re1 Bc6 36. Qxe5 Bxg2+ 37. Kg1 Bh3 38. Qe4 Qa6 39.
Qc4+ Qxc4 40. Rxc4 Ra7 41. Rc3 Bd7 42. Re7 Rb7 43.
b5 Rxb5 44. Rxd7 Re8 45. Kf2 Rb1 46. Re7 Reb8 47. d7 1-0

[Event "*** Titled Tuesday Blitz"]
[Site "Chess.com"]
[Date "2019.08.06"]
[Round "4"]
[White "esteban062000"]
[Black "HrvojeZagreb"]
[Result "0-1"]
[WhiteElo "2098"]
[BlackElo "2029"]
[TimeControl "180+2"]
[EndTime "13:51:20 PDT"]
[Termination "HrvojeZagreb won by resignation"]

1. Nf3 d5 2. c4 c6 3. b3 Bg4 4.
Bb2 Nd7 5. d3 Ngf6 6. Nbd2 g6 7.
g3 Bg7 8. Bg2 O-O 9. O-O a5 10.
cxd5 cxd5 11. Rc1 a4 12. Nd4 axb3 13. Qxb3 e5 14. N4f3 e4 15. dxe4 dxe4 16. Nd4 Re8 17. h3 Be6 18. Nxe6 Rxe6 19. Rfd1 Rb6 20. Qc3 Nh5 21. Qc7 Rxb2 22. Qxd8+ Rxd8 23. Nc4 Rxe2 24. Nb6 Nhf6 25. Nxd7 Rxd7 26. Rc8+ Bf8 27. Rxd7 Nxd7 28. a4 b6 29. Kf1 Ra2 30. Bxe4 Rxa4 31. Bc6 Ra1+ 32.
Kg2 Ne5 33. Be8 Bc5 34. f4 Ra2+ 35. Kf1 Rf2+ 36. Ke1 Nf3+ 37. Kd1 Rd2+ 38. Kc1 Ba3+ 39. Kb1 Nd4 40. Ba4+ Kg7 41. Rc3 Bc5 42. Kc1 Ra2 43. Bd7 Rh2 44. Rd3 h5 45. h4 Rg2 46.
Bc8 Rxg3 47. Rxg3 Ne2+ 48. Kd2 Nxg3 49. Bb7 Nf5 50. Ke2 Nxh4 51. Bd5 Nf5 52. Be4 f6 53.
Kf3 Nd6 54. Bb1 g5 55. f5 g4+ 56. Kg2 Kh6 57. Kg3 Kg5 58. Bc2 h4+ 59. Kg2 Kf4 60. Kh2 h3 61. Kh1 Nxf5 62. Bxf5 Kxf5 63. Kh2 Kf4 64.
Kh1 b5 65. Kh2 Bf2 66. Kh1 b4 67. Kh2 b3 68. Kh1 b2 69. Kh2 f5 70. Kh1 b1=Q+ 0-1

[Event "*** Titled Tuesday Blitz"]
[Site "Chess.com"]
[Date "2019.08.06"]
[Round "4"]
[White "oskariot"]
[Black "Vuk2000"]
[Result "0-1"]
[WhiteElo "2669"]
[BlackElo "2725"]
[TimeControl "180+2"]
[EndTime "13:51:21 PDT"]
[Termination "Vuk2000 won on time"]

1. d4 e6 2. Nf3 Nf6 3. g3 d5 4. Bg2 Be7 5. O-O O-O 6. c4 dxc4 7.
Ne5 Nc6 8. Bxc6 bxc6 9. Nxc6 Qe8 10. Nxe7+ Qxe7 11. Qa4 e5 12. dxe5 Qxe5 13. Qxc4 Be6 14. Qc2 Bf5 15. Qc4 Be6 16. Qc2 Bf5 17. Qc4 Nd5 18.
Nc3 Nb6 19. Qf4 Qe6 20. Qxc7 Rfc8 21. Qf4 Rc4 22. Qe3 Qc6 23. Qf3 Qe6 24. Be3 Re8 25.
Rfd1 Bg4 26. Qb7 Na4 27. Nxa4 Rxa4 28. Qb5 Re4 29. Qd3 h5 30. b3 h4 31. Rac1 hxg3 32. hxg3 Qg6 33. Rc5 f5 34. Qd5+ Kh7 35. Rc6 Qh5 36.
Rd2 Rxe3 37. fxe3 Rxe3 38. Kf2 Re4 39. Qxe4 fxe4 40. Ke3 Qg5+ 0-1

[Event "*** Titled Tuesday Blitz"]
[Site "Chess.com"]
[Date "2019.08.06"]
[Round "4"]
[White "I-Mesquita"]
[Black "2nd_life"]
[Result "0-1"]
[WhiteElo "2694"]
[BlackElo "2444"]
[TimeControl "180+2"]
[EndTime "13:51:22 PDT"]
[Termination "2nd_life won by resignation"]

1. Nf3 Nf6 2. c4 g6 3. Nc3 Bg7 4. g3 O-O 5. Bg2 d6 6. d4 a6 7. O-O c6 8. e4 Bg4 9. Qb3 b5 10. cxb5 axb5 11. e5 Be6 12. Qd1 Nd5 13. Ne4 h6 14.
Re1 Qc7 15. Bd2 Nd7 16. a3 Bg4 17. Qc1 Bxf3 18. Bxf3 dxe5 19. Bxh6 exd4 20. Bxg7 Kxg7 21. Ng5 N7f6 22. b4 Nc3 23. Qd2 e5 24. h4 Rfe8 25.
Qd3 Rad8 26. Kg2 c5 27. bxc5 Qxc5 28. Ne4 Nfxe4 29. Bxe4 Nxe4 30. Rxe4 Qd5 31. Kg1 f5 32. Ree1 e4 33. Qc2 d3 34. Qb2+ Qe5 35. Qd2 Rc8 36.
h5 f4 37. f3 Qxh5 38. Qxf4 Rh8 39. Kf2 Rc2+ 40. Ke3 Qc5+ 41. Kxe4 Re8+ 0-1

[Event "*** Titled Tuesday Blitz"]
[Site "Chess.com"]
[Date "2019.08.06"]
[Round "4"]
[White "edgarrodrigues"]
[Black "nOcHeaTiNgKiD"]
[Result "0-1"]
[WhiteElo "2420"]
[BlackElo "2449"]
[TimeControl "180+2"]
[EndTime "13:51:25 PDT"]
[Termination "nOcHeaTiNgKiD won by checkmate"]

1. e4 e5 2. Nf3 Nf6 3. Nxe5 d6 4. Nf3 Nxe4 5. Nc3 Nf6 6. d4 Be7 7. d5 Nbd7 8. Be3 O-O 9. Qd2 Ne5 10. Nd4 c5 11. dxc6 bxc6 12. h3 Qc7 13. f4 Ng6 14. O-O-O Rb8 15. g4 d5 16. g5 Ne4 17. Nxe4 dxe4 18. f5 Ne5 19. f6 Bb4 20. c3 Ba5 21.
fxg7 Rd8 22. Qc2 c5 23. Nb3 Nd3+ 24. Bxd3 exd3 25. Qf2 c4 26. Nxa5 Qxa5 27. Rhf1 Be6 28. a3 Rb3 29. Bd4 Rdb8 30. Rd2 Rxa3 31. bxa3 Qxa3+ 32.
Rb2 Qa1+ 33. Kd2 Rxb2+ 34. Ke3 Qa2 35. Qf6 Re2+ 36. Kf3 Qa5 37. Qe7 Qd5+ 38. Kg3 Qg2+ 39. Kf4 Re4# 0-1

[Event "*** Titled Tuesday Blitz"]
[Site "Chess.com"]
[Date "2019.08.06"]
[Round "4"]
[White "Roachelley"]
[Black "Ibraev_Vasilj"]
[Result "0-1"]
[WhiteElo "2237"]
[BlackElo "2295"]
[TimeControl "180+2"]
[EndTime "13:51:26 PDT"]
[Termination "Ibraev_Vasilj won by resignation"]

1. d4 Nf6 2. c4 e6 3. Nc3 Bb4 4. Qc2 c5 5. dxc5 Bxc5 6. Nf3 b6 7. Bg5 Bb7 8. e3 Be7 9. Be2 d6 10. O-O Nbd7 11. Rfd1 a6 12. Rac1 Rc8 13. Qa4 O-O 14. Nd4 h6 15. Bh4 Qc7 16. b4 Ne5 17. Nb1 Qb8 18.
Qb3 Qa8 19. f3 Rfd8 20. Nd2 Ng6 21. Bf2 Bf8 22. Bf1 d5 23. Qb1 Ne5 24. a3 Nxc4 25.
Nxc4 dxc4 26. Rxc4 b5 27. Rxc8 Rxc8 28. Bd3 Nd7 29.
Bg3 Nb6 30. Qb2 Nc4 31. Bxc4 Rxc4 32. Nb3 Rc8 33. Be5 Bd5 34. e4 Bxb3 35. Qxb3 a5 36. Bd6 Bxd6 37. Rxd6 axb4 38. Qxb4 Qa7+ 39. Kf1 Rc1+ 40.
Ke2 Qg1 41. Qd2 Qxg2+ 42. Ke3 Qg1+ 43. Kd3 Rd1 0-1

[Event "*** Titled Tuesday Blitz"]
[Site "Chess.com"]
[Date "2019.08.06"]
[Round "4"]
[White "Chopper1905"]
[Black "platy3"]
[Result "1-0"]
[WhiteElo "2834"]
[BlackElo "2864"]
[TimeControl "180+2"]
[EndTime "13:51:27 PDT"]
[Termination "Chopper1905 won by resignation"]

1. e4 c5 2. Nf3 d6 3. d4 cxd4 4. Nxd4 Nf6 5. Nc3 Nc6 6. f3 e5 7. Nb3 Be6 8. Nd5 Be7 9. c4 O-O 10. Be3 a5 11. a4 Nd7 12. Be2 Bg5 13. Bf2 g6 14. O-O h5 15. Nc3 Be7 16. Nb5 Nc5 17.
Nc1 Nb4 18. Na2 Nxa2 19. Rxa2 h4 20. b3 h3 21. g3 Ra6 22. Rd2 Qb8 23. Be3 Rc6 24.
Qb1 f5 25. exf5 gxf5 26. f4 Qe8 27. Bf3 e4 28. Be2 b6 29. Rfd1 Qd7 30. Kh1 Bf7 31. g4 Rd8 32. gxf5 Bf6 33. Rg1+ Kf8 34. Nd4 Rcc8 35. Qf1 Nd3 36. Qxh3 Ke7 37. Bxd3 exd3 38. Re1 Rh8 39. Bf2+ Kf8 40. Qxd3 Qb7+ 41. Qf3 Qxf3+ 42. Nxf3 d5 43. cxd5 Bc3 44. Rc1 Ke7 45. d6+ Kd7 46. Rxc3 Rxc3 47. Ne5+ Ke8 48. d7+ Ke7 49. Bh4+ 1-0

[Event "*** Titled Tuesday Blitz"]
[Site "Chess.com"]
[Date "2019.08.06"]
[Round "4"]
[White "nikitakhoroshev"]
[Black "ElHelvetico"]
[Result "1-0"]
[WhiteElo "2611"]
[BlackElo "2681"]
[TimeControl "180+2"]
[EndTime "13:51:31 PDT"]
[Termination "nikitakhoroshev won on time"]

1. e4 c5 2. Nf3 g6 3. h4 h5 4.
d4 cxd4 5. Qxd4 Nf6 6. Bc4 Nc6 7. Qe3 Bg7 8. Nc3 O-O 9. O-O d6 10. Qg5 Na5 11. Bd3 Ng4 12. Qf4 Nc6 13. Bd2 Nce5 14. Rae1 Bh6 15. Qg3 Nxf3+ 16. gxf3 Bxd2 17. fxg4 Bxe1 18.
Rxe1 Bxg4 19. f3 Be6 20. e5 Kg7 21. Ne4 d5 22. Ng5 Qd7 23. f4 Bf5 24. e6 fxe6 25. Nxe6+ Kh7 26. Nxf8+ Rxf8 27. Qg5 e6 28. Re5 Bxd3 29.
cxd3 Qd6 30. d4 Rf7 31. Kg2 Qb6 32. b3 Qa6 33. a4 Rc7 34. f5 Rc2+ 35. Kg1 Rc7 36.
Qxg6+ Kh8 37. f6 Qc6 38. Rxh5+ 1-0

[Event "*** Titled Tuesday Blitz"]
[Site "Chess.com"]
[Date "2019.08.06"]
[Round "4"]
[White "ChainsOfFantasia"]
[Black "2165149677570"]
[Result "1-0"]
[WhiteElo "2486"]
[BlackElo "2275"]
[TimeControl "180+2"]
[EndTime "13:51:33 PDT"]
[Termination "ChainsOfFantasia won by resignation"]

1. d4 Nf6 2. c4 b6 3. Nf3 e6 4. a3 Ba6 5. Qc2 Bb7 6. Nc3 c5 7. e4 cxd4 8. Nxd4 d6 9. Be2 Nbd7 10. O-O Be7 11. Be3 a6 12. Rac1 O-O 13. f3 Qc7 14.
Qd2 Rac8 15. g4 Rfd8 16. g5 Ne8 17. f4 Nc5 18. Bf3 e5 19. Nf5 Nb3 20. Qf2 Nxc1 21. Bxc1 Bf8 22. Be2 g6 23. Ne3 exf4 24. Qxf4 Bg7 25.
Ncd5 Bxd5 26. Nxd5 Qb7 27. a4 Be5 28. Qf2 Rb8 29. b3 Qd7 30. Be3 Nc7 31. Nxb6 Qh3 32. Bd4 Ne6 33. Qxf7+ Kh8 34. Bxe5+ dxe5 35. Qf6+ Kg8 36.
Nd5 Re8 37. Ne7+ Rxe7 38. Qxe7 Nf4 39. Bf3 Rf8 40. Qxe5 Ne2+ 41. Bxe2 Qe3+ 42. Kh1 Qxe2 43. Qe6+ Kg7 44. Qe7+ 1-0

[Event "*** Titled Tuesday Blitz"]
[Site "Chess.com"]
[Date "2019.08.06"]
[Round "4"]
[White "farzadbfd"]
[Black "pedro_gines"]
[Result "0-1"]
[WhiteElo "2656"]
[BlackElo "2408"]
[TimeControl "180+2"]
[EndTime "13:51:36 PDT"]
[Termination "pedro_gines won by checkmate"]

1. e4 c6 2. d4 d5 3. exd5 cxd5 4. Bd3 Nc6 5. c3 Nf6 6. h3 g6 7. Nf3 Bf5 8. Bxf5 gxf5 9. O-O Qc7 10. a4 e6 11. b4 Bd6 12. b5 Na5 13. Ba3 Ne4 14. Bxd6 Qxd6 15. Nfd2 O-O 16. Nxe4 fxe4 17. f3 f5 18. Nd2 Rac8 19. fxe4 dxe4 20. Nb1 Kh8 21. Ra2 Nc4 22. Re2 Rg8 23. Nd2 Nb2 24. Qb3 Nd3 25.
Nc4 Qd5 26. Na5 Qxb3 27. Nxb3 Rxc3 28. Na5 Ra3 29. Nxb7 Rxa4 30. d5 f4 31. d6 Rd4 32.
Kh1 e3 33. Kh2 Rg7 34. Nd8 Rxd6 35. Nc6 e5 36. Rd1 e4 37. Ne5 h5 38. Nc4 Rd4 39. Rc2 Rxc4 40. Rxc4 e2 41. Rb1 f3 42. Rxe4 Rxg2+ 43. Kh1 Nf2# 0-1

[Event "*** Titled Tuesday Blitz"]
[Site "Chess.com"]
[Date "2019.08.06"]
[Round "4"]
[White "Orest_Vovk"]
[Black "BoboHead"]
[Result "1-0"]
[WhiteElo "2226"]
[BlackElo "2142"]
[TimeControl "180+2"]
[EndTime "13:51:39 PDT"]
[Termination "Orest_Vovk won by resignation"]

1. h4 d5 2. h5 e5 3. h6 Nxh6 4. d4 Ng4 5. f3 Nf6 6. dxe5 Nfd7 7. Qxd5 c6 8. Qd4 Qa5+ 9. Bd2 Qxe5 10. Qxe5+ Nxe5 11.
e4 Nbd7 12. Nc3 Bc5 13. O-O-O O-O 14. Nh3 h6 15. Nf4 Nf6 16. Nd3 Nxd3+ 17. Bxd3 b5 18. Be2 Be6 19. Bf4 Rfd8 20. Rxd8+ Rxd8 21. Rd1 Rxd1+ 22. Kxd1 a6 23. Kd2 g5 24. Be3 Bd6 25. a3 Nd7 26. a4 Ne5 27. axb5 axb5 28. b3 f6 29. Nd1 h5 30. Nf2 Kf7 31. Nd3 h4 32. Nxe5+ Bxe5 33. c4 bxc4 34. Bxc4 Bxc4 35. bxc4 Ke6 36. Kd3 Bd6 37.
Bd2 Be7 38. f4 gxf4 39. Bxf4 f5 40. Ke3 Bc5+ 41. Kf3 Bd4 42. Bg5 Be5 43. Bxh4 f4 44.
Bg5 Kd6 45. Bxf4 Bxf4 46. Kxf4 Kc5 47. e5 Kxc4 48. e6 Kd3 49. e7 c5 50. e8=Q c4 51. Qe4+ Kc3 52. g4 Kb3 53. g5 c3 54. g6 Kb2 55. g7 c2 56. Qxc2+ Kxc2 57. g8=Q 1-0

[Event "*** Titled Tuesday Blitz"]
[Site "Chess.com"]
[Date "2019.08.06"]
[Round "4"]
[White "paladin_ll"]
[Black "Mazanchenko_Dmitry"]
[Result "0-1"]
[WhiteElo "2168"]
[BlackElo "2195"]
[TimeControl "180+2"]
[EndTime "13:51:39 PDT"]
[Termination "Mazanchenko_Dmitry won by resignation"]

1. Nf3 g6 2. c4 Bg7 3. g3 d6 4. Nc3 e5 5. d3 Nc6 6. Bg2 Bg4 7. O-O Bxf3 8. Bxf3 Nge7 9. Bg5 O-O 10. Bxe7 Qxe7 11. Nd5 Qd8 12. Rb1 Nd4 13. Bg2 c6 14. Nc3 f5 15. b4 f4 16. b5 g5 17. a4 g4 18. a5 f3 19. exf3 Nxf3+ 20. Bxf3 gxf3 21. a6 bxa6 22. bxc6 Qc8 23. Kh1 Qxc6 24. Nd5 Qd7 25. Rg1 Rab8 26. Rxb8 Rxb8 27. Qxf3 a5 28. Kg2 a4 29.
Nc3 a3 30. Qd5+ Qf7 31. Qxd6 Rf8 32. Ne4 Qf3+ 33. Kh3 Rf5 34. Qd5+ Kh8 35. Qd8+ Bf8 36. Ng5 Qh5+ 37. Kg2 Qxg5 38. Qa5 e4 39. Qc3+ Qg7 40. d4 Qb7 41. c5 Qb2 42. Qxb2 axb2 43. Rb1 Bg7 44.
Rxb2 Bxd4 45. Rb8+ Kg7 46. Rb7+ Kg6 47. Rxa7 Rxf2+ 48. Kh3 Bxc5 49. Ra6+ Kg7 50. Kg4 e3 51. h4 e2 52. Re6 Bb4 53. Kg5 e1=Q 0-1

[Event "*** Titled Tuesday Blitz"]
[Site "Chess.com"]
[Date "2019.08.06"]
[Round "4"]
[White "Evgeny81"]
[Black "qqwow"]
[Result "0-1"]
[WhiteElo "2514"]
[BlackElo "2520"]
[TimeControl "180+2"]
[EndTime "13:51:40 PDT"]
[Termination "qqwow won by resignation"]

1. Nf3 f5 2. g3 Nf6 3. Bg2 e6 4.
O-O Be7 5. d3 d6 6. Nc3 e5 7. e4 Nc6 8. exf5 Bxf5 9. d4 e4 10.
Nh4 Bg4 11. f3 exf3 12. Bxf3 Bxf3 13. Qxf3 Nxd4 14. Qxb7 O-O 15. Be3 Rb8 16. Qg2 c5 17. b3 d5 18. Rad1 Qd7 19. h3 Rbd8 20. Na4 Ne4 21. Rxf8+ Rxf8 22. Nxc5 Bxc5 23. Bxd4 Bxd4+ 24. Rxd4 Qe6 25. Nf3 h6 26. Kh2 Nf6 27. Rd3 Re8 28.
Nd4 Qe1 29. Qg1 Qe5 30. Qf2 a5 31. a4 Qc7 32. Rd1 Qc3 33. Rd3 Qc7 34. Re3 Ne4 35. Qg2 Qc5 36. Rd3 Qc7 37. Qf3 Rf8 38. Nf5 Ng5 39. Qxd5+ Kh7 40. h4 Qxc2+ 41. Kh1 Nh3 42. Qf3 Nf2+ 43. Kg1 Nxd3 0-1

[Event "*** Titled Tuesday Blitz"]
[Site "Chess.com"]
[Date "2019.08.06"]
[Round "4"]
[White "marianokar"]
[Black "Arystanner"]
[Result "0-1"]
[WhiteElo "2427"]
[BlackElo "2666"]
[TimeControl "180+2"]
[EndTime "13:51:41 PDT"]
[Termination "Arystanner won on time"]

1. d4 d5 2. c4 e6 3. Nc3 a6 4. cxd5 exd5 5. Bf4 Nf6 6. e3 Bd6 7. Bxd6 Qxd6 8. Bd3 O-O 9. h3 c6 10. Nge2 Re8 11. Qc2 Nbd7 12. g4 Qe7 13. Ng3 Nf8 14.
g5 N6d7 15. h4 Nb6 16. O-O-O c5 17. dxc5 Qxc5 18. h5 Bg4 19. Rd2 Bf3 20. Rh4 d4 21. Rxd4 Qxg5 22. Rf4 Bc6 23. Kb1 Ne6 24. Bxh7+ Kf8 25.
Rf5 Qh4 26. Bg6 f6 27. Bxe8 Rxe8 28. Qb3 Nc4 29. Rd1 b5 30. Nd5 Kf7 31. Qc3 Nc5 32. Rf4 Qg5 33. Rxc4 bxc4 34. Qxc4 Re5 35. f4 Qg4 36.
Nc3+ Re6 37. Qxc5 Qxg3 38. f5 Be4+ 39. Ka1 Rc6 40. Qa7+ Rc7 41. Qb6 Bc2 42. Rc1 Kg8 43. Qe6+ Kh7 44. e4 Rxc3 45. h6 Bb3 46. axb3 Rxc1+ 47.
Ka2 Qe1 48. b4 Ra1+ 0-1

[Event "*** Titled Tuesday Blitz"]
[Site "Chess.com"]
[Date "2019.08.06"]
[Round "4"]
[White "FedaMaster"]
[Black "GrandGlacier"]
[Result "0-1"]
[WhiteElo "2549"]
[BlackElo "2430"]
[TimeControl "180+2"]
[EndTime "13:51:43 PDT"]
[Termination "GrandGlacier won by resignation"]

1. e4 c5 2. Nf3 e6 3. d4 cxd4 4. Nxd4 Nc6 5. Nc3 Qc7 6. Be3 a6 7. f3 Bb4 8. Qd2 Nf6 9. a3 Be7 10. g4 b5 11. O-O-O b4 12. axb4 Bxb4 13. g5 Nh5 14.
Kb1 Rb8 15. Nb3 Na5 16. Bd4 O-O 17. Qe3 e5 18. Nd5 exd4 19. Qxd4 Qd6 20. Nxb4 Qxd4 21. Rxd4 Nxb3 22. cxb3 a5 23. Nd5 Rxb3 24. Bc4 Rxf3 25. Ne7+ Kh8 26. Rc1 Bb7 27. Bd5 Ba6 28. Bc4 Bxc4 29.
Rcxc4 Rf2 30. Rxd7 Rxh2 31. Nf5 Rg2 32. Nd6 Kg8 33.
Rc5 Nf4 34. Rcc7 Ne6 35. Ra7 Nxg5 36. Rxa5 h6 37. e5 Re2 38. Nf5 Nf3 39. Re7 Kh7 40. Rb7 Rxe5 41. Rxe5 Nxe5 42. b4 g6 43. Nd6 h5 44. Kc2 h4 45. Re7 Nc6 46. Rb7 Kg7 47.
Kd2 h3 48. Ne4 Ne5 49. Nf2 h2 50. Ke2 Ng4 51. Nh1 Ra8 52. Kf3 Ra1 53. Kg2 Rg1+ 0-1

[Event "*** Titled Tuesday Blitz"]
[Site "Chess.com"]
[Date "2019.08.06"]
[Round "4"]
[White "Drags95"]
[Black "chito89"]
[Result "0-1"]
[WhiteElo "2839"]
[BlackElo "2843"]
[TimeControl "180+2"]
[EndTime "13:51:48 PDT"]
[Termination "chito89 won by resignation"]

1. c4 b6 2. Nc3 Bb7 3. e4 e5 4. Nf3 Nc6 5. d4 exd4 6. Nxd4 Nxd4 7. Qxd4 Ne7 8. Bf4 Nc6 9. Qd2 Bb4 10. a3 Bxc3 11.
Qxc3 O-O 12. Bd3 d6 13. O-O Qh4 14. Bg3 Qh5 15. Bc2 Rae8 16. b4 Ne5 17. f3 Re6 18. c5 dxc5 19. bxc5 Rc6 20. Bf2 bxc5 21. Bg3 Re6 22. Rac1 Nc6 23. Bf2 Rh6 24. h3 Rg6 25. Kh2 Ne5 26. Bg3 Re8 27. Bb3 Bc8 28. f4 c4 29. Ba4 Bd7 30. Bxd7 Nxd7 31. Qxc4 Nf6 32. Qxc7 Nxe4 33. Rf3 h6 34. f5 Rxg3 35. Rxg3 Nxg3 36. Qxg3 Qxf5 37. Rc7 a5 38. Rc4 Re2 39. a4 h5 40. Qf4 Qd5 41. Rc8+ Kh7 42. Qg3 Rd2 43.
Rc7 Rd1 44. Ra7 Qd4 45. Qf3 Qg1+ 46. Kg3 Qe1+ 47. Kh2 Qe5+ 0-1

[Event "*** Titled Tuesday Blitz"]
[Site "Chess.com"]
[Date "2019.08.06"]
[Round "4"]
[White "Polish_fighter3000"]
[Black "temus_galaktionov"]
[Result "1-0"]
[WhiteElo "2974"]
[BlackElo "2681"]
[TimeControl "180+2"]
[EndTime "13:51:49 PDT"]
[Termination "Polish_fighter3000 won by resignation"]

1. c4 c6 2. Nf3 g6 3. d4 Bg7 4. Nc3 d6 5. h3 Nd7 6. b4 a5 7. b5 Ngf6 8. e3 O-O 9. bxc6 bxc6 10. Rb1 Ba6 11. Be2 Rb8 12. Rb3 Rb4 13. Nd2 Qc7 14. Ba3 Rb7 15. O-O Rfb8 16. Qc2 Bf8 17. Rfb1 e5 18. Qd1 exd4 19. exd4 d5 20. Bxf8 Nxf8 21. c5 Bxe2 22. Qxe2 Ne6 23. Nf3 Rxb3 24. Rxb3 Rxb3 25. axb3 Qb7 26. Qd1 Qb4 27. Ne2 Ne4 28. Ne5 Qb5 29. f3 Nf6 30. g4 Kf8 31. Kf2 Ke7 32. h4 Nd7 33. Nd3 Qb8 34. Kg2 h6 35.
Qc2 g5 36. h5 Qb5 37. Qc3 Kf8 38. Kf2 Ke7 39. Ng3 Ng7 40. Ke3 Qb8 41. Kf2 Qb5 42. Qc2 Kf8 43. Nc1 Qb4 44. Nce2 Nf6 45. Qd3 Qa3 46.
Qa6 Qxb3 47. Qxc6 Ne6 48. Nf5 Ne8 49. Qd7 N8g7 50. Nxh6 1-0

[Event "*** Titled Tuesday Blitz"]
[Site "Chess.com"]
[Date "2019.08.06"]
[Round "4"]
[White "payto1"]
[Black "ChessFunMaker"]
[Result "1-0"]
[WhiteElo "2344"]
[BlackElo "2227"]
[TimeControl "180+2"]
[EndTime "13:51:50 PDT"]
[Termination "payto1 won by resignation"]

1. d4 Nf6 2. c4 g6 3. Nc3 Bg7 4.
e4 O-O 5. Be2 d6 6. Nf3 e5 7. d5 a5 8. h3 Na6 9. Bg5 h6 10. Be3 Nc5 11. Nd2 Ne8 12. g4 f5 13.
exf5 gxf5 14. Rg1 f4 15. Bxc5 dxc5 16. Nde4 Qh4 17. Qd3 b6 18. d6 Be6 19. dxc7 Nxc7 20.
Qd6 Rac8 21. Qxb6 f3 22. Bf1 Bf7 23. O-O-O Ne6 24. Rd7 Nd4 25. g5 hxg5 26. Rxg5 Kh8 27. Kb1 Ne2 28. Rg4 Nxc3+ 29. Nxc3 Qxf2 30. Bd3 Qe1+ 31. Kc2 Qf2+ 32. Kd1 Rb8 33. Rb7 Rxb7 34. Qxb7 Rd8 35. Qe4 Rxd3+ 36. Qxd3 Qd4 37. Rxd4 cxd4 38. Qxf3 Bxc4 39. Ne4 Bd5 40. Qh5+ Kg8 41. Ng5 Kf8 42. Qg6 Bxa2 43. Ne6+ Bxe6 44. Qxe6 a4 45. Qd6+ Kf7 46. Qd7+ Kg6 47. Qxa4 Bf6 48. Qc2+ Kg5 49. Qe4 Kh6 50. b4 Kg7 51. b5 Kf7 52. b6 Bd8 53. b7 Bc7 54.
Qh7+ 1-0

[Event "*** Titled Tuesday Blitz"]
[Site "Chess.com"]
[Date "2019.08.06"]
[Round "4"]
[White "WeAintSurePal"]
[Black "RandomOracle"]
[Result "1-0"]
[WhiteElo "2309"]
[BlackElo "2199"]
[TimeControl "180+2"]
[EndTime "13:51:50 PDT"]
[Termination "WeAintSurePal won on time"]

1. Nf3 Nf6 2. b3 d5 3. Bb2 c5 4. e3 g6 5. c4 Bg7 6. cxd5 O-O 7. Be2 Nxd5 8. Qc1 Bxb2 9. Qxb2 Nc6 10. O-O b6 11. Ne5 Bb7 12. f4 Ndb4 13. a3 Nxe5 14. Qxe5 Nd3 15. Qc3 Be4 16. f5 Qd5 17. Qc4 Qxc4 18.
bxc4 Bxf5 19. Rxf5 gxf5 20. Bxd3 e6 21. Be2 Rad8 22. Ra2 Rd6 23. Kf2 Rfd8 24. a4 Kg7 25.
Ke1 Kf6 26. a5 Rg8 27. g3 e5 28. Nc3 Ke6 29. Nd5 Rb8 30. axb6 axb6 31. Ra6 f6 32. Ra7 Rd7 33. Rxd7 Kxd7 34. Nxf6+ Kd6 35. Nd5 b5 36. Kd1 b4 37. Kc2 Ra8 38. Kb2 h6 39. Bf3 Ra7 40. h3 Ke6 41. g4 Rg7 42. d3 fxg4 43. hxg4 Rf7 44. Be4 Rf2+ 45. Kb3 Rf1 46. Bf5+ Kd6 47. Nf6 Kc6 48. Ne4 Kb6 49. Nd6 Re1 50. Nf7 Rxe3 51. Nxh6 Ka5 52. Nf7 Rg3 53. Nxe5 Rg1 54. Nd7 1-0

[Event "*** Titled Tuesday Blitz"]
[Site "Chess.com"]
[Date "2019.08.06"]
[Round "4"]
[White "Gubajdullin"]
[Black "biostatistician"]
[Result "1-0"]
[WhiteElo "2603"]
[BlackElo "2548"]
[TimeControl "180+2"]
[EndTime "13:51:55 PDT"]
[Termination "Gubajdullin won on time"]

1. d4 Nf6 2. Bf4 g6 3. e3 Bg7 4.
Nf3 O-O 5. Be2 c5 6. O-O b6 7. h3 Bb7 8. a4 Nc6 9. c3 d6 10. Qb3 Qc7 11. Na3 Na5 12. Qd1 Rac8 13. Nb5 Qb8 14.
dxc5 bxc5 15. Nxd6 exd6 16. Bxd6 Qa8 17. Bxf8 Bxf8 18.
b4 cxb4 19. cxb4 Nc6 20. b5 Nb4 21. Qd4 Ne4 22. Rac1 Rd8 23. Qb2 Nd3 24. Bxd3 Rxd3 25. Ne5 Rd5 26. Nc6 Nc5 27. e4 Nxe4 28. Rfe1 Nc5 29.
Qf6 Nd3 30. Rcd1 Rd6 31. Ne7+ Bxe7 32. Qxe7 Qd8 33. Qxd8+ Rxd8 34. Re3 Rd4 35. Rdxd3 Rxa4 36. Rd7 Be4 37. f3 Bf5 38. Rb7 Be6 39. Rc3 Rb4 40. Rcc7 h5 41. Rc5 Bc4 42. Rxa7 Bxb5 43. Rb7 Rb1+ 44. Kh2 1-0

[Event "*** Titled Tuesday Blitz"]
[Site "Chess.com"]
[Date "2019.08.06"]
[Round "4"]
[White "nocnypako"]
[Black "Leonid_Starozhilov"]
[Result "1-0"]
[WhiteElo "2587"]
[BlackElo "2702"]
[TimeControl "180+2"]
[EndTime "13:51:55 PDT"]
[Termination "nocnypako won on time"]

1. d4 Nf6 2. c4 g6 3. Nc3 Bg7 4. e4 d6 5. Nf3 Bg4 6. Be2 O-O 7. O-O Nfd7 8. Be3 a6 9. Qd2 c5 10. d5 Qa5 11. a4 Bxf3 12. Bxf3 Ne5 13. Be2 Qb4 14. Nb1 a5 15. Qc2 Na6 16. Na3 Qb6 17.
Nb5 Nb4 18. Qd2 Rae8 19. h3 Qd8 20. Rad1 Nd7 21. b3 b6 22. f4 Na6 23. Bf3 Nc7 24. Rde1 Nxb5 25. cxb5 Qc7 26. Be2 e6 27. dxe6 Rxe6 28.
Bf3 Nf6 29. Qc2 Rfe8 30. Bf2 Qe7 31. f5 gxf5 32. exf5 Rxe1 33. Rxe1 Qd7 34. Rxe8+ Qxe8 35. Qd3 Qe5 36. Bh4 Qa1+ 37. Kh2 Qd4 38. Qxd4 cxd4 39. Kg3 Kf8 40. Kf2 Ke7 41. Ke2 Kd7 42. Kd3 Ng8 43.
Bc6+ Kc7 44. Bd5 Nh6 45. g4 Kd7 46. Bf2 Be5 47. Bxd4 f6 48. Bxb6 Bf4 49. Bxa5 1-0

[Event "*** Titled Tuesday Blitz"]
[Site "Chess.com"]
[Date "2019.08.06"]
[Round "4"]
[White "Heineccius"]
[Black "Zubrrr"]
[Result "0-1"]
[WhiteElo "2533"]
[BlackElo "2729"]
[TimeControl "180+2"]
[EndTime "13:51:56 PDT"]
[Termination "Zubrrr won by resignation"]

1. d4 d5 2. c4 Nc6 3. e3 dxc4 4. Bxc4 e5 5. Nf3 e4 6. Nfd2 Qg5 7. Kf1 f5 8. Nc3 a6 9. Qb3 Nh6 10. h4 Qd8 11.
Be2 Bd6 12. Nc4 Nf7 13. Nxd6+ Qxd6 14. Bd2 O-O 15. g3 Kh8 16. Qd5 Qf6 17. Na4 Be6 18. Qc5 Rad8 19. Qc2 Nd6 20. Nc5 Bd5 21. h5 Nxd4 22.
exd4 e3 23. Rh4 exd2 24. Qxd2 b6 25. Nxa6 Ne4 26. Qe3 Qd6 27. Qa3 c5 28. dxc5 bxc5 29. Rd1 f4 30. gxf4 Rxf4 31. Rxd5 Rxf2+ 32. Kg1 Qxd5 33. Rxe4 Rxe2 34. Rxe2 Qd1+ 35. Kf2 Rf8+ 36. Qf3 Rxf3+ 37. Kxf3 Kg8 38. Nxc5 Qh1+ 39. Kf2 Qh2+ 40. Ke3 Qg1+ 41. Rf2 Qc1+ 42. Kd4 Qd1+ 43. Kc4 Qxh5 44. Rd2 Qg4+ 45. Rd4 Qe2+ 46. Kd5 Qxb2 47. a4 h5 48. Kd6 Qxd4+ 0-1